Description

An extremely strong attack with 2/2 Blink Stalkers and Chargelots at 8 minutes. If executed correctly the attack should hit just as 2/2 is finishing.

Replay - IIIIIIIIIIII v TakeMyHand - Lost and Found LE

Build Order

Get SALT Encoding   

  12  0:00  Probe  
  13  0:13  Probe  
  14  0:18  Pylon  
  14  0:25  Probe  
  15  0:34  Probe  
  15  0:37  Gateway  
  15  0:42  Probe  
  16  0:43  Assimilator  
  17  0:51  Probe  
  18  1:03  Probe  
  19  1:15  Probe  
  20  1:25  Nexus  
  20  1:35  Probe, Cybernetics Core  
  21  1:43  Assimilator  
  21  1:47  Probe  
  21  1:50  Pylon  
  23  2:17  Warp Gate, Stalker  
  26  2:25  Twilight Council  
  34  3:04  Blink (Chrono Boost)  
  35  3:14  Nexus  
  37  3:33  Gateway x2  
  39  3:42  Stalker  
  43  3:53  Pylon  
  44  4:01  Forge x2  
  44  4:06  Pylon  
  51  4:35  Protoss Ground Weapons Level 1, Protoss Ground Armor Level 1  
  51  4:37  Stalker x3  
  57  4:42  Pylon  
  60  4:46  Charge  
  63  5:01  Gateway x3  
  63  5:07  Gateway x2  
  63  5:08  Sentry x2  
  63  5:11  Assimilator  
  68  5:21  Zealot  
  72  5:34  Gateway x2  
  72  5:37  Zealot x2  
  77  5:45  Robotics Facility  
  77  5:49  Protoss Ground Armor Level 2, Protoss Ground Weapons Level 2  
  77  5:59  Zealot x6  
  89  6:10  Zealot  
  101  6:33  Stalker x4  
  109  6:44  Shield Battery  
  109  6:52  Warp Prism  
Spawning Tool Build Advisor. Get it on Overwolf

Go to:

Details

  • Created by: Archades
  • Published on: May 29, 2018
  • Modified on: May 30, 2018
  • Patch: 4.0.0
Show
View Real Time Build Order
Export as new Build Order

Comments (1)

On June 7, 2018, 4:36 a.m., PROUTCACA  said:

Strong build I like it but If terran go for fast banshee it will be auto loose for myself...

Create an account to comment!